 Dungeon Crawl Stone Soup version 0.30-a0-187-gd9c2deaf24 (webtiles) character file.

Game seed: 3334903383008017606

261 LnG the Sneak (level 6, -1/34 HPs)
             Began as a Kobold Summoner on Oct 3, 2022.
             Engulfed by a steam dragon's steam (7 damage)
             ... on level 4 of the Dungeon.
             The game lasted 00:09:24 (3089 turns).

LnG the Sneak (Kobold Summoner)                     Turns: 3089, Time: 00:09:25

Health: -1/34      AC:  2    Str:  5    XL:     6   Next: 41%
Magic:  10/10      EV: 15    Int: 19    God:
Gold:   32         SH:  0    Dex: 15    Spells: 1/10 levels left

rFire   . . .      SeeInvis .    c - +0 dagger
rCold   . . .      Faith    .    (no shield)
rNeg    . . .      Spirit   .    a - +0 robe
rPois   .          Reflect  .    (no helmet)
rElec   .          Harm     .    (no cloak)
rCorr   .          Rampage  .    (no gloves)
Will    .....                    (no boots)
Stlth   ++++......               (no amulet)
HPRegen 0.25/turn                (no ring)
MPRegen 0.12/turn                (no ring)

@: no status effects
A: small, no large weapons, nightstalker 3
a: no special abilities


You were on level 4 of the Dungeon.
You visited 1 branch of the dungeon, and saw 4 of its levels.

You collected 124 gold pieces.
You spent 92 gold pieces at shops.

Inventory:

Hand Weapons
 c - a +0 dagger (weapon)
Armour
 a - a +0 robe (worn)
Scrolls
 f - 3 scrolls of enchant armour
 h - a scroll of silence
 i - 2 scrolls of fear
 j - a scroll of blinking {unknown}
 k - a scroll of amnesia {unknown}
 n - a scroll of vulnerability {unknown}
 o - a scroll of fog {unknown}
 q - a scroll of teleportation {unknown}
Potions
 b - 2 potions of magic
 d - a potion of heal wounds {unknown}
 e - 2 potions of curing
 g - a potion of experience {unknown}
 l - a potion of attraction {unknown}
 m - a potion of mutation {unknown}
 p - a potion of might {unknown}


   Skills:
 + Level 1.3 Fighting
 + Level 3.0 Short Blades
 + Level 3.4 Dodging
 + Level 5.3 Stealth
 + Level 2.8 Spellcasting
 + Level 4.9 Summonings


You had one spell level left.
You knew the following spells:

 Your Spells              Type           Power      Damage    Failure   Level
a - Summon Small Mammal   Summ           84%        N/A       1%          1
b - Call Imp              Summ           21%        N/A       3%          2
c - Call Canine Familiar  Summ           21%        N/A       6%          3
d - Summon Guardian Gole  Hex/Summ       12%        N/A       17%         3

Your spell library contained the following spells:

 Spells                   Type           Power      Damage    Failure   Level
 Freeze                   Ice            8%         1d3       16%         1
 Ensorcelled Hibernation  Hex/Ice        4%         N/A       24%         2
 Passwall                 Tmut/Erth      1%         N/A       24%         2
 Frozen Ramparts          Ice            4%         1d1       43%         3
 Hailstorm                Conj/Ice       2%         3d3       43%         3
 Swiftness                Air            2%         N/A       43%         3
 Summon Lightning Spire   Summ/Air       12%        N/A       50%         4


Dungeon Overview and Level Annotations

Branches:
Dungeon (4/15)
 Temple: D:4-7

Altars:
Elyvilon
Trog
The Shining One

Shops:
D:1 *   D:2 [=!


Innate Abilities, Weirdness & Mutations

You are small and have problems with some larger weapons.
You are completely attuned to the shadows.


Message History

Things that are here:
a +0 robe; a +0 dagger; a +0 short sword You see here a +0 flail.
You enter the shallow water.
Moving in this stuff is going to be slow.
You enter the shallow water.
Moving in this stuff is going to be slow.
You enter the shallow water.
Moving in this stuff is going to be slow.
Partly explored, can't reach some places.
There is an escape hatch in the floor here.
You enter the shallow water.
Moving in this stuff is going to be slow.
You enter the shallow water.
Moving in this stuff is going to be slow.
There is a stone staircase leading down here.
You climb downwards.
There is a stone staircase leading up here.
A steam dragon comes into view.
Found a quarterstaff.
You see here a smoky cyan potion.
The helpless steam dragon fails to defend itself.
You impale the steam dragon!!
The steam dragon is almost dead.
You hit the steam dragon but do no damage.
The steam dragon is almost dead.
The steam dragon breathes steam at you. The ball of steam hits you!!
Ouch! That really hurt!
You hear a shout! x2
You hit the steam dragon but do no damage.
The steam dragon is almost dead.
You are engulfed in a cloud of scalding steam.
* * * LOW HITPOINT WARNING * * *
The steam dragon breathes steam at you. The ball of steam misses you.
You hit the steam dragon but do no damage.
The steam dragon is almost dead.
You are engulfed in a cloud of scalding steam.
You die...

#.##+#...
.###........
.............
.........D...
.......§@.)..
........§....
#......§.§....
#.....§#######
##......#
#.......#
#.......#
.#...#.#
#.#<#.#


You could see a steam dragon (catching breath).

Vanquished Creatures
  A crimson imp (D:3)
  An iguana (D:3)
  An adder (D:3)
  2 dart slugs
  A worm (D:3)
  5 orcs (D:3)
  7 bats
  9 endoplasms
  A giant cockroach (D:1)
  4 goblins
  8 hobgoblins
  2 jackals (D:3)
  3 quokkas
  4 ball pythons (D:3)
  2 frilled lizards (D:1)
  A goblin skeleton (D:3)
  A kobold (D:1)
  A kobold skeleton (D:3)
  2 orc zombies (D:3)
  6 rats
62 creatures vanquished.

Vanquished Creatures (collateral kills)
  An orc priest (D:3)
  Jessica (D:3)
  An orc wizard (D:3)
  2 adders (D:2)
  An orc (D:3)
  A ball python (D:1)
  2 bats
  An endoplasm (D:2)
  A hobgoblin (D:3)
  2 kobolds
  A quokka (D:1)
  A frilled lizard (D:3)
  3 goblin zombies (D:3)
  A kobold zombie (D:3)
  An orc skeleton (D:3)
  A rat (D:1)
21 creatures vanquished.

Grand Total: 83 creatures vanquished

Notes
Turn   | Place    | Note
-------+----------+-------------------------------------------
     0 | D:1      | LnG the Kobold Summoner began the quest for the Orb.
     0 | D:1      | Reached XP level 1. HP: 10/10 MP: 3/3
   195 | D:1      | Reached XP level 2. HP: 15/15 MP: 1/5
   298 | D:1      | Found Xusybb's Assorted Antiques.
   331 | D:1      | Learned a level 2 spell: Call Imp
   680 | D:1      | Reached XP level 3. HP: 19/19 MP: 6/6
   684 | D:1      | Learned a level 3 spell: Call Canine Familiar
   861 | D:1      | Bought a scroll labelled ZEGAFO VOETWATHAAQ for 23 gold
                  | pieces
   861 | D:1      | Bought a scroll labelled QIQOTU YCVICOUN for 23 gold pieces
   861 | D:1      | Bought a scroll labelled SUATHR QITAWN for 23 gold pieces
   861 | D:1      | Bought a scroll labelled ZEGAFO VOETWATHAAQ for 23 gold
                  | pieces
   937 | D:2      | Reached skill level 3 in Stealth
   978 | D:2      | Found Fuph's Distillery.
  1081 | D:2      | Found Fakak's Jewellery Shoppe.
  1083 | D:2      | Found a bloodstained altar of Trog.
  1125 | D:2      | Found Rudiomup's Armour Shop.
  1186 | D:2      | Reached skill level 1 in Short Blades
  1186 | D:2      | Reached XP level 4. HP: 11/24 MP: 3/7
  1581 | D:3      | Found a white marble altar of Elyvilon.
  1657 | D:3      | Reached skill level 4 in Stealth
  1657 | D:3      | Reached XP level 5. HP: 15/28 MP: 4/8
  1840 | D:3      | Noticed Jessica
  1846 | D:3      | Killed Jessica
  1897 | D:3      | Found a glowing golden altar of the Shining One.
  2106 | D:3      | Reached skill level 1 in Fighting
  2165 | D:3      | Reached XP level 6. HP: 33/34 MP: 10/10
  2176 | D:3      | Learned a level 3 spell: Summon Guardian Golem
  2463 | D:3      | Reached skill level 5 in Stealth
  3082 | D:4      | Noticed a steam dragon
  3089 | D:4      | Engulfed by a steam dragon's steam

Illustrated notes

Levels and vault maps discovered:
D:1:      nicolae_arrival_somewhat_less_tricky_arrival, layout_rooms,
          serial_shops, nicolae_shop_overgrown_old_shop
D:2:      layout_rooms, serial_shops, nicolae_shop_trees, shop, shop,
          basic_altar, minmay_heptomino_d4
D:3:      layout_loops_corners, elyvilon_altar_5, nicolae_tso_besieged_by_evil,
          serial_rivers, chequers_serial_rivers_micro_e,
          chequers_serial_rivers_room_a, chequers_serial_rivers_marsh,
          chequers_serial_rivers_small_b, chequers_serial_rivers_large_a,
          chequers_serial_rivers_micro_c, minmay_close_crescents, uniq_jessica
D:4:      layout_basic, amethyst_overflow_temple_binary, uniq_sigmund,
          uniq_grinder, uniq_menkaure

Skill      XL: |  1  2  3  4  5  6 |
---------------+-------------------+-----
Stealth        | 3 4 5 |  5.3
Short Blades   | 1 2 3 |  3.0
Dodging        | 3 |  3.4
Fighting       | 1 |  1.3
Spellcasting   | |  2.8
Summonings     | |  4.9

Action                   |  1- 3 |  4- 6 || total
-------------------------+-------+-------++-------
Melee: Dagger            |    85 |   118 ||   203
       Punch             |       |     1 ||     1
 Cast: Summon Small Mamm |     8 |       ||     8
       Call Canine Famil |     4 |     5 ||     9
       Call Imp          |     1 |     1 ||     2
  Use: Scroll            |     1 |     2 ||     3
       Potion            |       |     1 ||     1
 Stab: Sleeping          |     8 |    23 ||    31
       Distracted        |       |     3 ||     3
Armor: Robe              |    15 |     9 ||    24
Dodge: Dodged            |    65 |    64 ||   129

Table legend: (Time is in decaauts)
 A = Elapsed time spent in this place.
 B = Non-inter-level travel time spent in this place.
 C = Inter-level travel time spent in this place.
 D = Time resting spent in this place.
 E = Time spent auto-exploring this place.
 F = Levels seen in this place.
 G = Mean time per level.
                   A        B        C        D        E       F      G
               +--------+--------+--------+--------+--------+-----+--------+
         Total |   3096 |   2979 |    117 |    166 |   2041 |   4 |  774.0 |
       Dungeon |   3096 |   2979 |    117 |    166 |   2041 |   4 |  774.0 |
               +--------+--------+--------+--------+--------+-----+--------+

Top non-repeatable levels by time:
     D:3: 1610 daAuts
     D:1: 903 daAuts
     D:2: 567 daAuts
     D:4: 15 daAuts
